 Dungeon Crawl Stone Soup version bcrawl-1.19.2-6-g6a88ae04c9 (webtiles) character file.

Game seed: 3122326684379526217

5980 Mrkan the Carver (level 10, -5/99 HPs)
             Began as a Minotaur Berserker on Jan 14, 2020.
             Was an Elder of Trog.
             Slain by Gastronok (32 damage)
             ... on level 9 of the Dungeon.
             The game lasted 00:12:21 (8866 turns).

Mrkan the Carver (Minotaur Berserker)               Turns: 8866, Time: 00:12:21

Health: -5/99      AC: 14    Str: 24    XL:     10   Next: 55%
Magic:  9/9        EV: 12    Int:  4    God:    Trog [****..]
Gold:   374        SH:  2    Dex: 11    Spells: 9/9 levels left

rFire    + . .     SeeInvis .   b - +0 falchion (slice)
rCold    . . .     Gourm    .   (no shield)
rNeg     . . .     Faith    .   o - +0 chain mail
rPois    .         Spirit   .   (helmet restricted)
rElec    .         Reflect  .   w - +1 cloak {MR+}
rCorr    .         Harm     .   (no gloves)
MR       +....                  k - +0 pair of boots
Stlth    ..........             (no amulet)
HPRegen  0.26/turn              (no ring)
MPRegen  0.11/turn              (no ring)

@: no status effects
A: retaliatory headbutt, horns 2, blurry vision 1, fire resistance 1, robust 1
a: Berserk, Trog's Hand, Brothers in Arms, Renounce Religion


You were on level 9 of the Dungeon.
You worshipped Trog.
Trog was greatly pleased with you.
You were hungry.

You visited 1 branch of the dungeon, and saw 9 of its levels.
You also visited: Sewer.

You collected 539 gold pieces.
You spent 165 gold pieces at shops.

Inventory:

Hand Weapons
 b - a +0 falchion of slicing (weapon)
Armour
 k - a +0 pair of boots (worn)
 o - a +0 chain mail (worn)
 w - a +1 cloak of magic resistance (worn)
Jewellery
 u - a +2 ring of intelligence {unknown}
 x - a +4 ring of dexterity {unknown}
Wands
 l - a wand of iceblast (11)
 y - a wand of random effects (7)
Scrolls
 d - 7 scrolls of identify {unknown}
 e - 2 scrolls of enchant armour {unknown}
 f - 3 scrolls of noise {unknown}
 i - 4 scrolls of blinking {unknown}
 j - 6 scrolls of remove curse {unknown}
 m - 4 scrolls of magic mapping {unknown}
 n - 4 scrolls of teleportation {unknown}
 r - a scroll of immolation {unknown}
 s - a scroll of enchant weapon {unknown}
 t - a scroll of amnesia {unknown}
Potions
 a - a potion of berserk rage
 g - a potion of might {unknown}
 h - 2 potions of mutation
 p - a potion of heal wounds {unknown}
 q - 2 potions of agility
 v - a potion of flight {unknown}
Comestibles
 c - 15 rations {!d}
 z - a chunk of flesh


   Skills:
 + Level 8.9 Fighting
 * Level 11.8 Long Blades
 + Level 4.9 Throwing
 + Level 8.5 Armour
 + Level 7.7 Dodging


You had 9 spell levels left.
You didn't know any spells.
Your spell library was empty.

Dungeon Overview and Level Annotations

Branches:
Dungeon (9/12)             Temple (0/1) D:5
   Lair: D:7-9          Orc: D:8-11

Altars:
Dithmenos
Fedhas
Hepliaklqana
Kikubaaqudgha
Nemelex Xobeh
Qazlal
Sif Muna
Vehumet
Yredelemnul

Shops:
D:6 *   D:7 }   D:8 }

Annotations:
D:5 1 runed translucent door
D:9 Gastronok


Innate Abilities, Weirdness & Mutations

You reflexively headbutt those who attack you in melee.
You have a pair of horns on your head.
Scrolls take you a little longer to read.
Your flesh is heat resistant. (rF+)
You are robust. (+10% HP)


Message History

The rat's corpse disappears in a puff of smoke!
You hit Gastronok but do no damage.
Gastronok is almost dead.
The white imp hits you but does no damage.
Gastronok bites you! The rat closely misses you. You furiously retaliate!
You headbutt the rat!
You kill the rat!
The rat's corpse disappears in a puff of smoke!
You hit Gastronok but do no damage.
Gastronok is almost dead.
You hit Gastronok.
Gastronok is almost dead.
The white imp hits you. The white imp freezes you. Gastronok bites you.
You hit Gastronok but do no damage.
Gastronok is almost dead.
The white imp gestures at you. The puff of frost hits you!
* * * LOW HITPOINT WARNING * * *
Gastronok bites you!!
You die...

+### #####
..#
#PP.P###.###
..≈≈P......#
≈≈PPP......#
P≈P........#
≈♣P≈....5..#
≈≈PP...@...#
≈P≈#..§w...#
#.......#
#.[.....#
#.....).#
#########


You could see Gastronok and a white imp.

Vanquished Creatures
  Pikel (D:7)
  A centaur zombie (D:8)
  A gargoyle (D:8)
  Grinder (D:6)
  Sigmund (D:5)
  A wyvern (D:8)
  A yak (D:8)
  Eustachio (D:4)
  A hungry ghost (D:8)
  A crocodile (D:8)
  An orc warrior (D:8)
  A water moccasin (D:7)
  Purgy (Sewer)
  3 ice beasts (D:8)
  A slave (D:7)
  5 sky beasts
  2 necrophages
  2 phantoms
  5 ogres
  2 centaurs
  2 big kobolds
  3 bullfrogs
  A gnoll sergeant (D:7)
  A wyvern zombie (D:8)
  3 scorpions
  3 howler monkeys
  3 crimson imps
  A quasit (D:6)
  2 hounds (D:4)
  A jelly (D:8)
  3 orc priests
  A bullfrog skeleton (D:5)
  5 orc wizards
  Terence (D:2)
  5 worker ants
  Robin (D:4)
  3 gnolls (D:7)
  8 adders
  A river rat (D:3)
  3 oozes (D:1)
  An adder skeleton (D:8)
  7 worms
  3 dart slugs
  6 leopard geckos
  17 orcs
  A bat (D:1)
  7 giant cockroaches
  13 goblins
  16 hobgoblins
  19 jackals
  27 kobolds
  3 quokkas
  2 ball pythons (D:3)
  4 frilled lizards
  A quokka skeleton (D:5)
  A quokka zombie (D:5)
  4 rats
216 creatures vanquished.

Vanquished Creatures (collateral kills)
  The ghost of Sickboy the Magician, a novice FrWz (D:5)
1 creature vanquished.

Grand Total: 217 creatures vanquished

Notes
Turn   | Place    | Note
-------+----------+-------------------------------------------
     0 | D:1      | Mrkan the Minotaur Berserker began the quest for the Orb.
     0 | D:1      | Reached XP level 1. HP: 19/19 MP: 0/0
   112 | D:1      | Reached skill level 4 in Long Blades
   112 | D:1      | Reached XP level 2. HP: 22/27 MP: 1/1
   241 | D:1      | Reached XP level 3. HP: 29/33 MP: 2/2
   613 | D:1      | Reached ** piety under Trog
  1021 | D:2      | Noticed a sky beast
  1032 | D:2      | Killed a sky beast
  1032 | D:2      | Reached skill level 5 in Long Blades
  1032 | D:2      | Reached XP level 4. HP: 11/41 MP: 3/3
  1032 | D:2      | Reached XP level 5. HP: 13/47 MP: 4/4
  1722 | D:2      | Noticed Terence
  1735 | D:2      | Killed Terence
  2360 | D:3      | Noticed a sky beast
  2362 | D:3      | Found a glowing drain.
  2367 | D:3      | Killed a sky beast
  2367 | D:3      | Reached XP level 6. HP: 55/55 MP: 5/5
  2373 | D:3      | Reached skill level 5 in Fighting
  2373 | D:3      | Reached skill level 6 in Long Blades
  2407 | Sewer    | Entered a sewer
  2499 | Sewer    | Noticed Purgy
  2513 | Sewer    | Killed Purgy
  2640 | D:3      | Found a basalt altar of Yredelemnul.
  2650 | D:3      | Reached *** piety under Trog
  2734 | D:3      | Found a blossoming altar of Fedhas.
  3095 | D:4      | Reached XP level 7. HP: 61/61 MP: 6/6
  3100 | D:4      | Noticed Eustachio
  3127 | D:4      | Gained mutation: Your flesh is heat resistant. (rF+)
                  | [potion of mutation]
  3127 | D:4      | Gained mutation: Scrolls take you a little longer to read.
                  | [potion of mutation]
  3127 | D:4      | Gained mutation: You are robust. (+10% HP) [potion of
                  | mutation]
  3176 | D:4      | Killed Eustachio
  3176 | D:4      | Reached skill level 7 in Long Blades
  3176 | D:4      | Reached skill level 5 in Armour
  3520 | D:4      | Found a hazy altar of Hepliaklqana.
  3608 | D:4      | Found a stormy altar of Qazlal.
  3620 | D:4      | Reached skill level 8 in Long Blades
  3620 | D:4      | Reached skill level 5 in Dodging
  3620 | D:4      | Reached XP level 8. HP: 23/77 MP: 7/7
  4069 | D:4      | Noticed Robin
  4071 | D:4      | Reached **** piety under Trog
  4077 | D:4      | Killed Robin
  4274 | D:4      | Noticed an air elemental
  4526 | D:5      | Entered Level 5 of the Dungeon
  4664 | D:5      | Found a staircase to the Ecumenical Temple.
  4727 | D:5      | Noticed Grinder
  4741 | D:5      | Reached skill level 1 in Throwing
  4755 | D:5      | Noticed Sigmund
  5203 | D:5      | Killed Sigmund
  5203 | D:5      | Reached skill level 9 in Long Blades
  5483 | D:5      | Found a runed translucent door.
  5501 | D:5      | Found a runed translucent door.
  5501 | D:5      | Noticed Sickboy's ghost (novice FrWz)
  5638 | D:5      | Killed Sickboy's ghost
  5638 | D:5      | Reached XP level 9. HP: 32/86 MP: 8/8
  6084 | D:6      | Paralysed by Grinder for 4 turns
  6090 | D:6      | Killed Grinder
  6090 | D:6      | Reached skill level 10 in Long Blades
  6296 | D:6      | Found a sparkling altar of Nemelex Xobeh.
  6327 | D:6      | Found Xyifoeth's Assorted Antiques.
  6330 | D:6      | Bought a runed cloak for 165 gold pieces
  6504 | D:6      | Found a radiant altar of Vehumet.
  6679 | D:7      | Found Hasacliv's Gadget Emporium.
  6786 | D:7      | Found an ancient bone altar of Kikubaaqudgha.
  7049 | D:7      | Noticed Pikel
  7070 | D:7      | Killed Pikel
  7070 | D:7      | Reached skill level 11 in Long Blades
  7070 | D:7      | Reached XP level 10. HP: 77/96 MP: 9/9
  7565 | D:8      | Found a shadowy altar of Dithmenos.
  7759 | D:8      | Found Von Iliu's Gadget Shop.
  7813 | D:8      | Noticed a gargoyle
  7838 | D:8      | Killed a gargoyle
  8472 | D:8      | Found a shimmering blue altar of Sif Muna.
  8843 | D:9      | Noticed Gastronok
  8866 | D:9      | Slain by Gastronok

Skill      XL: |  1  2  3  4  5  6  7  8  9 10 |
---------------+-------------------------------+-----
Long Blades    | 4 5 6 8 9 11 | 11.8
Fighting       | 4 5 6 7 8 |  8.9
Armour         | 3 4 5 6 7 8 |  8.5
Dodging        | 3 4 5 6 7 |  7.7
Throwing       | 2 4 |  4.9

Action                   |  1- 3 |  4- 6 |  7- 9 | 10-12 || total
-------------------------+-------+-------+-------+-------++-------
Melee: Falchion          |    81 |   179 |   407 |   163 ||   830
       Headbutt          |    15 |    32 |    79 |    51 ||   177
Invok: Trog's Hand       |       |       |     1 |       ||     1
       Brothers in Arms  |       |       |     1 |       ||     1
       Berserk           |       |       |       |     1 ||     1
  Use: Potion            |       |       |     5 |     1 ||     6
  Eat: Chunk             |       |     7 |    10 |     6 ||    23
       Ration            |       |       |     1 |     1 ||     2
Armor: Animal skin       |    11 |     4 |       |       ||    15
       Chain mail        |       |    78 |   216 |    41 ||   335
       Skin              |       |       |     7 |       ||     7
Dodge: Dodged            |    55 |    91 |   202 |    55 ||   403
Block: Other             |     2 |     1 |    31 |     9 ||    43
